 Dungeon Crawl Stone Soup version 0.20-a0-936-gaf809b6 (webtiles) character file.

1509 Isola the Carver (level 8, -10/50 HPs)
             Began as a Tengu Gladiator on Mar 30, 2017.
             Mangled by Menkaure (19 damage)
             ... on level 5 of the Dungeon.
             The game lasted 00:10:24 (6222 turns).

Isola the Carver (Tengu Gladiator)                  Turns: 6222, Time: 00:10:24

Health: -10/50     AC:  3    Str: 15    XL:     8   Next: 82%
Magic:  9/9        EV: 15    Int: 11    God:
Gold:   217        SH:  0    Dex: 13    Spells: 7/7 levels left

rFire    . . .     SeeInvis .   a - +1 long sword
rCold    + . .     Gourm    .   (no shield)
rNeg     . . .     Faith    .   b - +0 leather armour
rPois    .         Spirit   .   c - +0 hat
rElec    .         Reflect  .   (no cloak)
rCorr    .         Harm     .   (no gloves)
MR       +....                  (boots unavailable)
Stlth    +.........             (no amulet)
Regen    0.2/turn               (no ring)
MPRegen  0.2/turn               (no ring)

@: exhausted, about to teleport, slowed, very slow
A: beak, talons 3, clumsy 1, cold resistance 1, magic resistance 1, able to fly
1
a: Fly


You were on level 5 of the Dungeon.
You were hungry.

You visited 2 branches of the dungeon, and saw 6 of its levels.
You also visited: Sewer.

You collected 217 gold pieces.

Inventory:

Hand Weapons
 a - a +1 long sword (weapon)
Missiles
 d - 3 throwing nets
 t - 8 javelins (quivered)
Armour
 b - a +0 leather armour (worn)
 c - a +0 hat (worn)
 p - a +0 buckler
Wands
 r - a wand of random effects (20/48)
 v - a wand of digging (5/24)
Scrolls
 n - a scroll of teleportation
 o - a scroll of noise
 q - 6 scrolls of identify
 s - 2 scrolls of remove curse
 y - a scroll of magic mapping {unknown}
Potions
 e - a potion of cancellation {unknown}
 g - a potion of agility
 i - a potion of invisibility {unknown}
 j - 3 potions of brilliance
 u - 2 potions of mutation
 w - a potion of haste {unknown}
 x - a potion of ambrosia
Books
 m - a book of Summonings

   Spells                             Type                      Level
   a - Recall                         Summoning/Translocation      3
   b - Aura of Abjuration             Summoning                    5
   c - Summon Demon                   Summoning                    5
   d - Summon Forest                  Summoning/Translocation      5
   e - Summon Mana Viper              Hexes/Summoning              5
   f - Shadow Creatures               Summoning                    6
Comestibles
 f - 4 bread rations
 k - 4 royal jellies
 l - 3 meat rations
 z - 4 chunks of flesh
 A - 3 fruits


   Skills:
 + Level 5.5 Fighting
 * Level 9.1 Long Blades
 - Level 2.0 Throwing
 + Level 6.6 Dodging


You had 7 spell levels left.
You didn't know any spells.

Dungeon Overview and Level Annotations

Branches:
Dungeon (5/15)             Temple (1/1) D:5

Altars:
Cheibriados
Gozag
Hepliaklqana
Kikubaaqudgha
Qazlal
Trog
Yredelemnul
The Shining One

Annotations:
D:5 Menkaure


Innate Abilities, Weirdness & Mutations

You have a beak for a mouth.
You have claws for feet.
You can fly.
You are clumsy. (Dex -2)
Your flesh is cold resistant. (rC+)
You are resistant to hostile enchantments. (MR+)


Message History

Menkaure calls on the powers of darkness!
Your body is wracked with pain!
Menkaure hits you. Menkaure closely misses you.
You bump into the rock wall.
Menkaure completely misses you.
You barely miss Menkaure. You claw Menkaure, but do no damage.
You peck Menkaure.
Menkaure is lightly damaged.
You feel less invigorated.
You feel less confused. Menkaure hits you. Menkaure hits you!
* * * LOW HITPOINT WARNING * * *
You hit Menkaure but do no damage. You claw Menkaure.
Menkaure is lightly damaged.
Menkaure closely misses you. Menkaure barely misses you.
Okay, then.
As you read the scroll of teleportation, it crumbles to dust.
You feel strangely unstable.
Menkaure's bandages flutter.
Menkaure hits you!!
You die...

..... #...? ..... #...#
.....# ##...#
......########....#
................#.#
........###....#..######
......M...# #...........
....#.@#.###........#
.......†......##.###.###
........#.###..).# #....
#..###..#†###..### ####.
#. #....##..## ## .
#........# #...
............# ####.#.
....#......<..........
..........#..#####.###


You could see Menkaure.

Vanquished Creatures
  Prince Ribbit (D:5)
  Duvessa (D:4)
  An ice beast (D:5)
  A sky beast (D:5)
  An ogre (D:5)
  A centaur (D:5)
  The ghost of M4edhros the Sneak, an amateur OpAr (D:4)
  A crocodile (Sewer)
  Blork the orc (D:5)
  A scorpion (D:4)
  Dowan (D:4)
  A crimson imp (D:5)
  A bullfrog zombie (D:5)
  A jelly (D:5)
  An orc wizard (D:4)
  3 hounds
  Ijyb (D:3)
  4 worker ants
  7 adders
  7 gnolls
  2 worms
  2 dart slugs (D:3)
  3 leopard geckos
  7 orcs
  16 giant cockroaches
  7 goblins
  3 hobgoblins
  10 jackals
  3 quokkas
  3 ball pythons
  11 bats
  5 frilled lizards
  12 kobolds
  4 rats
125 creatures vanquished.

Notes
Turn   | Place    | Note
-------+----------+-------------------------------------------
     0 | D:1      | Isola the Tengu Gladiator began the quest for the Orb.
     0 | D:1      | Reached XP level 1. HP: 12/12 MP: 2/2
   139 | D:1      | Reached XP level 2. HP: 17/17 MP: 3/3
  1014 | D:2      | Reached skill level 4 in Long Blades
  1014 | D:2      | Reached XP level 3. HP: 15/22 MP: 4/4
  1149 | D:2      | Found an opulent altar of Gozag.
  1770 | D:2      | Reached XP level 4. HP: 15/27 MP: 5/5
  2058 | D:3      | Found a glowing golden altar of the Shining One.
  2581 | D:3      | Noticed Ijyb
  2606 | D:3      | Killed Ijyb
  2606 | D:3      | Reached skill level 5 in Long Blades
  2606 | D:3      | Gained mutation: You can fly. [Tengu growth]
  2606 | D:3      | Reached XP level 5. HP: 19/32 MP: 6/6
  2810 | D:3      | Found a stormy altar of Qazlal.
  3643 | D:3      | Reached XP level 6. HP: 18/37 MP: 4/7
  4190 | D:4      | Noticed Duvessa
  4190 | D:4      | Noticed Dowan
  4413 | D:4      | Reached skill level 6 in Long Blades
  4491 | D:4      | Gained mutation: You are resistant to hostile enchantments. (MR+) [potion of mutation]
  4491 | D:4      | Gained mutation: You are clumsy. (Dex -2) [potion of mutation]
  4491 | D:4      | Gained mutation: Your flesh is cold resistant. (rC+) [potion of mutation]
  4496 | D:4      | Killed Dowan
  4520 | D:4      | Noticed M4edhros's ghost (amateur OpAr)
  4528 | D:4      | Killed M4edhros's ghost
  4528 | D:4      | Reached XP level 7. HP: 22/42 MP: 8/8
  4692 | D:4      | Found a snail-covered altar of Cheibriados.
  4695 | D:4      | Found a basalt altar of Yredelemnul.
  4805 | D:4      | Reached skill level 5 in Dodging
  4978 | D:4      | Killed Duvessa
  5077 | D:4      | Reached skill level 7 in Long Blades
  5221 | D:4      | Found an ancient bone altar of Kikubaaqudgha.
  5269 | D:4      | Found a bloodstained altar of Trog.
  5444 | D:5      | Entered Level 5 of the Dungeon
  5501 | D:5      | Noticed Blork the orc
  5557 | D:5      | Found a staircase to the Ecumenical Temple.
  5576 | D:5      | Reached XP level 8. HP: 40/48 MP: 9/9
  5607 | Temple   | Entered the Ecumenical Temple
  5638 | D:5      | Reached skill level 8 in Long Blades
  5665 | D:5      | Found a glowing drain.
  5674 | Sewer    | Entered a sewer
  6048 | Sewer    | Reached skill level 5 in Fighting
  6175 | D:5      | Killed Blork the orc
  6195 | D:5      | Noticed Prince Ribbit
  6208 | D:5      | Killed Prince Ribbit
  6208 | D:5      | Reached skill level 9 in Long Blades
  6212 | D:5      | Noticed Menkaure
  6222 | D:5      | Mangled by Menkaure

Vault maps used:
D:1:      minmay_arrival_plants_in_alcoves, serial_bayou_pond_c
D:2:      minmay_roachtagon, nicolae_gozag_seed_capital
D:3:      lemuel_crystal_altar, first_bread, nicolae_tso_carved_into_rock,
          uniq_iyjb
D:4:      grunt_temple_overflow_open, uniq_duvessa
D:5:      minmay_temple_entry_glassed_door, basic_altar, portal_sewer_entry_a,
          uniq_menkaure, uniq_blork_the_orc, uniq_prince_ribbit1
Temple:   compressed_dpeg_circular_temple
Sewer:    sewer_the_crocodile

Skill      XL: |  1  2  3  4  5  6  7  8 |
---------------+-------------------------+-----
Long Blades    | 4 5 6 7 9 |  9.1
Fighting       | 3 4 5 |  5.5
Dodging        | 4 5 6 |  6.6
Throwing       | |  2.0

Action                   |  1- 3 |  4- 6 |  7- 9 || total
-------------------------+-------+-------+-------++-------
Melee: Long sword        |   110 |   128 |   125 ||   363
       Peck              |    15 |    40 |    22 ||    77
       Kick              |    25 |    37 |    40 ||   102
 Abil: Fly               |       |    12 |    11 ||    23
  Use: Potion            |       |     5 |     8 ||    13
       Scroll            |       |       |    10 ||    10
 Stab: Sleeping          |       |     1 |       ||     1
  Eat: Chunk             |     3 |    10 |     7 ||    20
Armor: Leather armour    |    29 |    18 |    12 ||    59
Dodge: Dodged            |   103 |   117 |    96 ||   316
       Rpst.: Long sword |    29 |    43 |    27 ||    99
